AoeStats
← riqueladitya25

MegaRandom

509847611Analyzed
2v2 RM · 4d ago on Sep 28, 2026· 60m 46s· 4 players
Game mode
Random Map
Map size
Medium (4 player)
Population
200
Speed
Normal
Resources
Standard
Victory
Conquest
Starting age
Dark Age
Ending age
Imperial Age
RankedLock teamsTeams togetherTeam positionsShared explorationLock speedFull tech treeHidden civsTurbo modeCheats
Victory
Defeat
🇮🇩 Britons · Indonesia
1000
+40
🇲🇽 Saracens · Mexico
869
+19
🇫🇷 Mongols · France
937
-43
🇩🇪 Varangians · Germany
935
-16
rene_20
9:30 Loom
11:53 Feudal Age
16:36 Castle Age
16:07 Forging
15:58 Scale Mail Armor
16:11 Double-Bit Axe
16:08 Horse Collar
22:15 Bow Saw
23:14 Fervor
24:27 Heavy Plow
26:34 Wheelbarrow
26:10 Squires
27:55 Gold Mining
32:26 Stone Mining
33:51 Iron Casting
33:43 Town Watch
34:54 Chain Mail Armor
38:00 Hand Cart
37:46 Town Patrol
38:17 Arson
43:38 Imperial Age
41:35 Fletching
41:46 Padded Archer Armor
45:09 Conscription
44:14 Gothikon
44:17 Elite Varangian Guard
45:30 Capped Ram
47:40 Blast Furnace
50:08 Ballistics
51:45 Elite Skirmisher
53:21 Bodkin Arrow
57:15 Elite Jarl
58:57 Man-at-Arms
Corkim
10:59 Feudal Age
9:15 Loom
12:09 Double-Bit Axe
12:07 Horse Collar
20:36 Castle Age
20:30 Fletching
22:06 Bow Saw
22:00 Bodkin Arrow
22:48 Padded Archer Armor
24:21 Wheelbarrow
23:34 Town Watch
24:06 Heavy Plow
24:37 Leather Archer Armor
25:23 Stone Mining
25:23 Gold Mining
28:44 Squires
28:05 Pikeman
31:37 Hand Cart
33:01 Stone Shaft Mining
34:36 Gold Shaft Mining
34:17 Bloodlines
34:20 Husbandry
35:36 Ballistics
36:04 Town Patrol
37:02 Scale Barding Armor
39:57 Imperial Age
40:36 Elite Steppe Lancer
41:38 Conscription
41:22 Nomads
42:02 Forging
44:27 Iron Casting
46:54 Chain Barding Armor
47:25 Murder Holes
48:27 Hoardings
48:48 Bracer
52:47 Blast Furnace
53:50 Chemistry
59:07 Scale Mail Armor
joseemiron
7:29 Loom
10:00 Feudal Age
10:35 Double-Bit Axe
14:46 Wheelbarrow
15:00 Horse Collar
15:55 Forging
20:48 Castle Age
18:49 Gold Mining
18:51 Stone Mining
20:09 Scale Barding Armor
20:51 Bloodlines
21:52 Bow Saw
22:22 Iron Casting
23:29 Hand Cart
24:01 Heavy Plow
29:11 Chain Barding Armor
31:36 Gold Shaft Mining
31:59 Fervor
38:45 Imperial Age
38:44 Town Watch
38:49 Elite Mameluke
39:59 Conscription
39:42 Husbandry
40:53 Blast Furnace
39:37 Light Cavalry
41:06 Plate Barding Armor
41:49 Hussar
43:55 Chemistry
42:47 Fletching
46:28 Ballistics
46:05 Bodkin Arrow
48:11 Bimaristan
51:45 Block Printing
51:28 Herbal Medicine
52:07 Town Patrol
54:22 Bracer
riqueladitya25
0:33 Loom
11:18 Feudal Age
12:57 Horse Collar
14:59 Wheelbarrow
15:19 Double-Bit Axe
19:19 Gold Mining
22:00 Castle Age
22:25 Fletching
22:37 Padded Archer Armor
22:49 Forging
23:10 Hand Cart
23:12 Bodkin Arrow
24:19 Gold Shaft Mining
24:11 Heavy Plow
24:34 Bow Saw
27:26 Ballistics
28:15 Leather Archer Armor
30:04 Iron Casting
29:35 Scale Barding Armor
29:36 Murder Holes
33:01 Light Cavalry
33:44 Husbandry
33:51 Stone Mining
34:51 Loom
37:55 Chain Barding Armor
39:18 Treadmill Crane
43:03 Imperial Age
43:02 Yeomen
44:55 Bracer
45:56 Blast Furnace
45:28 Ring Archer Armor
46:04 Two-Man Saw
47:37 Chemistry
47:10 Conscription
48:38 Elite Longbowman
55:07 Cavalier
Connection lost

Rejoining the realm…

Still unreachable

The connection could not be restored.

Session expired

The server has moved on; the page needs a fresh start.